 Dungeon Crawl Stone Soup version 0.16.2-12-gd0ad4c3 (webtiles) character file.

1045 Ijustatesigmund the Sneak (level 8, -4/50 HPs)
             Began as an Octopode Assassin on Oct 14, 2015.
             Was a Follower of Okawaru.
             Slain by an orc warrior
             ... wielding a +0 scimitar
              (14 damage)
             ... on level 6 of the Dungeon.
             The game lasted 00:21:34 (5669 turns).

Ijustatesigmund the Sneak (Octopode Assassin)       Turns: 5669, Time: 00:21:36

Health: -4/50      AC:  1    Str: 11    XL:     8   Next: 25%
Magic:  8/8        EV: 19    Int: 13    God:    Okawaru [*.....]
Gold:   107        SH:  7    Dex: 20    Spells: 0 memorised, 7 levels left

rFire  . . .     SeeInvis .     a - +4 dagger
rCold  . . .     Clarity  .     h - +2 buckler
rNeg   . . .     SustAb   .     (helmet restricted)
rPois  .         Gourm    .     (no amulet)
rElec  .         Spirit   .     (no ring)
rCorr  .         Warding  .     (no ring)
rMut   .         Stasis   .     (no ring)
MR     .....                    (no ring)
Stlth  +++++++...               (no ring)
                                (no ring)
                                (no ring)
                                (no ring)

@: agile, not resistant to hostile enchantments, extremely stealthy
A: almost no armour, amphibious, 8 rings, constrict 8, tentacle spike 1,
camouflage 1, gelatinous body 1
a: Heroism, Renounce Religion


You were on level 6 of the Dungeon.
You worshipped Okawaru.
Okawaru was aware of your devotion.
You were hungry.

You visited 2 branches of the dungeon, and saw 8 of its levels.

You collected 222 gold pieces.
You spent 115 gold pieces at shops.

Inventory:

Hand weapons
 a - a +4 dagger (weapon)
 b - a +0 blowgun
 d - a +0 hunting sling of freezing
Missiles
 p - 2 tomahawks (quivered)
Armour
 h - a +2 buckler (worn)
Magical devices
 w - a wand of digging (9)
Scrolls
 r - a scroll of remove curse
 s - a scroll of blinking
 v - a scroll of recharging
Potions
 e - a potion of magic {unknown}
 i - a potion of restore abilities
 j - 2 potions of ambrosia
 k - 4 potions of curing
 n - a potion of agility
 t - a potion of cancellation
Comestibles
 c - 2 slices of pizza
 f - 2 meat rations
 g - 6 bread rations
 l - a chunk of flesh
 q - 3 fruits


   Skills:
 - Level 2.0 Fighting
 + Level 5.4 Short Blades
 - Level 5.0 Throwing
 - Level 3.4 Dodging
 + Level 7.9 Stealth
 - Level 3.0 Shields


You had 7 spell levels left.
You didn't know any spells.

Dungeon Overview and Level Annotations

Branches:
Dungeon (7/15)             Temple (1/1) D:4

Altars:
Ashenzari
Cheibriados
Dithmenos
Elyvilon
Gozag
Kikubaaqudgha
Makhleb
Nemelex Xobeh
Okawaru
Ru
Sif Muna
Vehumet
Xom
Yredelemnul
Zin

Shops:
D:4 *

Annotations:
D:5 Charly's ghost, average HOBe


Innate Abilities, Weirdness & Mutations

You cannot wear most types of armour.
You are amphibious.
You can wear up to eight rings at the same time.
You can use your tentacles to constrict many enemies at once.
Your skin changes colour to match your surroundings (Stealth).
Your rubbery body absorbs attacks (AC +1).
One of your tentacles bears a spike.


Message History

You barely miss the orc warrior. You grab the orc warrior.
The orc warrior is moderately wounded.
You constrict the orc warrior, but do no damage.
The orc warrior hits you with a scimitar!!
* * * LOW HITPOINT WARNING * * *
Drink which item? (? for menu, Esc to quit)
You feel much better.
You constrict the orc warrior, but do no damage.
The orc warrior hits you with a scimitar!!
* * * LOW HITPOINT WARNING * * *
Drink which item? (? for menu, Esc to quit)
You feel agile all of a sudden.
You constrict the orc warrior, but do no damage.
You hit the orc warrior.
You pierce the orc warrior, but do no damage.
Your squeeze misses the orc warrior.
The orc warrior is moderately wounded.
You constrict the orc warrior, but do no damage.
The orc warrior hits you with a scimitar!
You die...

.# #.# #o# .# #.#
#.# .# #.# #.#
.###.#######.#####
.....).o.oo.oo...#
####o#######.###.#
#.# #.# #.#
#o#######.# #.#
#..oo.>...# #@#
.....#######.# #o#
###### #.# #.#
############.###.#
#................#
##################


You could see an orc warrior.

Vanquished Creatures
  An orc warrior (D:6)
  4 ogres
  A giant frog (D:6)
  Blork the orc (D:4)
  A crimson imp (D:6)
  A hound (D:6)
  An orc wizard (D:4)
  2 orc priests
  A worker ant (D:7)
  6 adders
  14 gnolls
  2 worms
  An adder skeleton (D:5)
  5 giant geckos
  9 orcs
  9 bats
  4 giant cockroaches
  10 hobgoblins
  5 jackals (D:4)
  13 kobolds
  2 quokkas (D:3)
  A ball python (D:3)
  4 giant newts
  A giant spore (D:6)
  20 goblins
  6 rats
  3 ballistomycetes (D:6)
128 creatures vanquished.

Notes
Turn   | Place    | Note
--------------------------------------------------------------
     0 | D:1      | Ijustatesigmund, the Octopode Assassin, began the quest for the Orb.
     0 | D:1      | Reached XP level 1. HP: 14/14 MP: 1/1
   623 | D:1      | Reached XP level 2. HP: 16/19 MP: 2/2
   961 | D:2      | Reached skill level 1 in Shields
  1033 | D:2      | Reached XP level 3. HP: 24/24 MP: 3/3
  1199 | D:2      | Reached skill level 6 in Stealth
  1199 | D:2      | Reached XP level 4. HP: 14/29 MP: 4/4
  1605 | D:2      | Found a snail-covered altar of Cheibriados.
  1693 | D:2      | Found a white marble altar of Elyvilon.
  2231 | D:3      | Noticed an ogre
  2650 | D:3      | Reached XP level 5. HP: 34/34 MP: 5/5
  3021 | D:3      | Killed an ogre
  3021 | D:3      | Reached XP level 6. HP: 24/39 MP: 6/6
  4045 | D:4      | Noticed Blork the orc
  4062 | D:4      | Killed Blork the orc
  4062 | D:4      | Reached skill level 7 in Stealth
  4070 | D:4      | Found a deep blue altar of Sif Muna.
  4343 | D:4      | Noticed an ogre
  4360 | D:4      | Killed an ogre
  4360 | D:4      | Reached XP level 7. HP: 45/45 MP: 7/7
  4426 | D:4      | Noticed an ogre
  4438 | D:4      | Killed an ogre
  4468 | D:4      | Noticed an ogre
  4473 | D:4      | Killed an ogre
  4537 | D:4      | Found a staircase to the Ecumenical Temple.
  4557 | D:4      | Gained mutation: One of your tentacles bears a spike. [potion of beneficial mutation]
  4561 | Temple   | Entered the Ecumenical Temple
  4610 | Temple   | Became a worshipper of Warmaster Okawaru
  4693 | D:5      | Entered Level 5 of the Dungeon
  4735 | D:4      | Found Ruruokh's General Store.
  4738 | D:4      | Bought a scroll of teleportation for 33 gold pieces
  4738 | D:4      | Bought a scroll of blinking for 82 gold pieces
  4807 | D:5      | Noticed Charly's ghost (average HOBe)
  5100 | D:6      | Reached skill level 5 in Throwing
  5130 | D:6      | Reached XP level 8. HP: 50/50 MP: 8/8
  5316 | D:6      | Reached skill level 5 in Short Blades
  5662 | D:6      | Acquired Okawaru's first power
  5669 | D:6      | Slain by an orc warrior

Action                   |  1- 3 |  4- 6 |  7- 9 || total
-------------------------+-------+-------+-------++-------
Melee: Dagger            |    16 |   147 |   109 ||   272
 Fire: Blowgun           |    14 |    28 |    15 ||    57
Throw: Tomahawk          |     2 |     6 |       ||     8
  Use: Scroll            |     5 |     9 |     7 ||    21
       Potion            |       |     1 |     5 ||     6
 Stab: Sleeping          |     3 |    26 |     6 ||    35
       Distracted        |       |     1 |     1 ||     2
  Eat: Chunk             |     1 |     8 |     2 ||    11
       Pizza             |       |     1 |       ||     1
       Fruit             |       |       |     2 ||     2
